AoeStats
← |GaoeG| flamingo

Arena

503976896Analyzed
1v1 RM · 28d ago on Sep 3, 2026· 43m 11s· 2 players
Game mode
Random Map
Map size
Tiny (2 player)
Population
200
Speed
Normal
Resources
Standard
Victory
Conquest
Starting age
Dark Age
Ending age
Imperial Age
RankedLock teamsTeams togetherTeam positionsShared explorationLock speedFull tech treeHidden civsTurbo modeCheats
Victory
Defeat
🇪🇸 Spanish · Spain
1359
+19
🇨🇳 Khmer · China
1430
-19
|GaoeG| flamingo
11:06 Feudal Age
14:43 Castle Age
13:13 Double-Bit Axe
13:11 Horse Collar
16:31 Bow Saw
17:16 Gold Mining
23:03 Town Watch
23:06 Loom
25:11 Padded Archer Armor
25:35 Heavy Plow
30:26 Imperial Age
28:32 Wheelbarrow
28:27 Scale Barding Armor
28:33 Forging
28:38 Gold Mining
29:39 Chain Barding Armor
30:18 Bloodlines
30:11 Husbandry
31:05 Hand Cart
30:36 Cavalier
31:55 Plate Barding Armor
31:55 Iron Casting
31:55 Onager
33:04 Ballistics
33:44 Chemistry
32:54 Paladin
34:02 Conscription
34:34 Light Cavalry
37:46 Blast Furnace
38:54 Hussar
笨鸟
10:25 Feudal Age
13:13 Castle Age
14:16 Horse Collar
20:24 Double-Bit Axe
20:55 Loom
21:49 Heavy Plow
22:41 Bow Saw
23:55 Wheelbarrow
23:43 Fletching
25:34 Hand Cart
27:35 Ballistics
29:00 Elite Skirmisher
30:34 Fortified Wall
30:24 Bodkin Arrow
31:10 Stone Mining
33:58 Imperial Age
31:52 Padded Archer Armor
33:07 Masonry
33:16 Bloodlines
33:44 Scale Barding Armor
33:58 Leather Archer Armor
34:31 Gold Mining
34:43 Double Crossbow
35:24 Crop Rotation
35:44 Chain Barding Armor
36:59 Chemistry
35:49 Elite Ballista Elephant
38:31 Conscription
38:59 Bracer
39:52 Light Cavalry
41:48 Siege Engineers
Connection lost

Rejoining the realm…

Still unreachable

The connection could not be restored.

Session expired

The server has moved on; the page needs a fresh start.